 Dungeon Crawl Stone Soup version bcrawl-1.38.3 (webtiles) character file.

Game seed: 14684580992276537343

131850 Mrkan the Shield-Bearer (level 4, -3/40 HPs)
             Began as a Hill Orc Fighter on May 26, 2023.
             Was an Initiate of Dithmenos.
             Splashed by a jelly's acid (8 damage)
             ... on level 3 of the Dungeon.
             The game lasted 00:04:01 (2239 turns).

Mrkan the Shield-Bearer (Hill Orc Fighter)          Turns: 2239, Time: 00:04:02

Health: -3/40      AC: -5    Str: 16 (18) XL:     4   Next: 96%
Magic:  4/4        EV:  5    Int:  7 (8)  God:    Dithmenos [......]
Gold:   211        SH:  9    Dex:  8 (11) Spells: 3/3 levels left

rFire    . . .     GDR:     23% a - +0 war axe
rCold    . . .     SeeInvis .   c - +0 medium shield
rNeg     . . .     Gourm    .   b - +0 scale mail
rPois    .         Faith    .   (no helmet)
rElec    .         Spirit   .   (no cloak)
rCorr    .         Reflect  .   (no gloves)
MR       .....                  (no boots)
Stlth    ..........             (no amulet)
HPRegen  0.16/turn              (no ring)
MPRegen  0.09/turn              (no ring)

@: corroded
A: no striking features
a: Renounce Religion


You were on level 3 of the Dungeon.
You worshipped Dithmenos.
Dithmenos was noncommittal.
You were not hungry.

You visited 1 branch of the dungeon, and saw 3 of its levels.

You collected 211 gold pieces.

Inventory:

Hand Weapons
 a - a +0 war axe (weapon)
Missiles
 r - 41 exploding tomahawks (quivered)
Armour
 b - a +0 scale mail (worn)
 c - a +0 medium shield (worn)
Jewellery
 g - an uncursed ring of protection from cold {unknown}
Wands
 p - a wand of disintegration (11)
Scrolls
 f - a scroll of magic mapping {unknown}
 h - a scroll of noise {unknown}
 i - a scroll of identify
 j - a scroll of enchant weapon {unknown}
 k - 2 scrolls of enchant armour {unknown}
 l - 2 scrolls of remove curse {unknown}
 m - 2 scrolls of teleportation {unknown}
Potions
 d - a potion of might
 n - a potion of brilliance {unknown}
 q - 2 potions of curing {unknown}
 s - a potion of lignification {unknown}
Comestibles
 e - 6 rations {!d}
 o - 5 chunks of flesh


   Skills:
 + Level 4.1 Fighting
   Level 4.1 Short Blades
   Level 4.1 Long Blades
   Level 4.1 Axes
   Level 4.1 Maces & Flails
   Level 4.1 Polearms
   Level 4.1 Staves
 - Level 3.2 Armour
 + Level 4.8 Shields
   Level 4.1 Unarmed Combat


You had 3 spell levels left.
You didn't know any spells.
Your spell library was empty.

Dungeon Overview and Level Annotations

Branches:
Dungeon (3/12)

Altars:
Ashenzari
Cheibriados
Dithmenos
Nemelex Xobeh
Uskayaw
Yredelemnul


Message History

You kill the kobold!
Dithmenos accepts your kill.
You slash the jelly! The acid corrodes you!
Your hands burn!
The jelly hits you but does no damage. The jelly hits you.
You are splashed with acid!
You see here a +0 dagger.
You hit the jelly.
Your hands burn!
The jelly is almost dead.
The jelly hits you but does no damage.
You hit the jelly but do no damage. The acid corrodes you!
Your hands burn!
The jelly is almost dead.
The jelly hits you. The acid corrodes you!
You are splashed with acid!
The jelly hits you.
You are splashed with acid!
* * * LOW HITPOINT WARNING * * *
Your shield prevents you from hitting the jelly.
The jelly is almost dead.
The jelly hits you.
* * * LOW HITPOINT WARNING * * *
You are splashed with acid!
You die...

####### ##################
#...... #.......##.......#
#...... #.......##.####''####
#...÷.. #...)......#...@J...####
#......
#..........#........#..###......
#.........##.....#..#..##.......
#.........##....?...#.<##.######
###.....÷.##...?^...#..#..# #..
######..##..#.....#....#####..
#..##........#..###......
#..##........#.#......#..
#...##########....#.###..


You could see a jelly.

Vanquished Creatures
  2 adders
  An ooze (D:1)
  3 worms
  3 dart slugs
  7 leopard geckos
  5 orcs (D:3)
  5 bats (D:1)
  2 gnoll zombies (D:3)
  5 goblins
  5 hobgoblins
  2 jackals (D:3)
  2 quokkas (D:3)
  2 ball pythons (D:2)
  4 frilled lizards
  10 kobolds
  3 rats
61 creatures vanquished.

Notes
Turn   | Place    | Note
-------+----------+-------------------------------------------
     0 | D:1      | Mrkan the Hill Orc Fighter began the quest for the Orb.
     0 | D:1      | Reached XP level 1. HP: 19/19 MP: 1/1
   151 | D:1      | Reached XP level 2. HP: 24/26 MP: 2/2
   307 | D:1      | Reached XP level 3. HP: 31/31 MP: 3/3
   980 | D:2      | Reached XP level 4. HP: 40/40 MP: 4/4
  1105 | D:2      | Found a sparkling altar of Nemelex Xobeh.
  1163 | D:2      | Found a snail-covered altar of Cheibriados.
  1328 | D:2      | Found a shadowy altar of Dithmenos.
  1341 | D:2      | Found a hide-covered altar of Uskayaw.
  1354 | D:2      | Became a worshipper of Dithmenos the Shadowed
  1763 | D:3      | HP: 2/40 [orc/+0 club (3)]
  1989 | D:3      | Found a basalt altar of Yredelemnul.
  2106 | D:3      | Found a shattered altar of Ashenzari.
  2239 | D:3      | Splashed by a jelly's acid

Skill      XL: |  1  2  3  4 |
---------------+-------------+-----
Shields        | 4 |  4.8
Fighting       | 4 |  4.1
Short Blades   | |  4.1
Long Blades    | |  4.1
Axes           | |  4.1
Maces & Flails | |  4.1
Polearms       | |  4.1
Staves         | |  4.1
Armour         | |  3.2
Unarmed Combat | |  4.1

Action                   |  1- 3 |  4- 6 || total
-------------------------+-------+-------++-------
Melee: War axe           |   133 |   103 ||   236
  Use: Potion            |       |     1 ||     1
  Eat: Chunk             |     5 |     8 ||    13
Armor: Scale mail        |    72 |    56 ||   128
Dodge: Dodged            |    25 |    22 ||    47
Block: Medium shield     |    80 |    55 ||   135
